 Dungeon Crawl Stone Soup version 0.27.1 (webtiles) character file.

Game seed: 16963575770367092431

29165 rel the Nimble (level 13, -1/85 HPs)
             Began as a Kobold Berserker on Aug 22, 2021.
             Was a High Priest of Trog.
             Slain by a vault guard (4 damage)
             ... on level 13 of the Dungeon on Aug 27, 2021.
             The game lasted 00:58:00 (18683 turns).

rel the Nimble (Kobold Berserker)                  Turns: 18683, Time: 00:58:00

Health: -1/85      AC: 18    Str: 16    XL:     13   Next: 79%
Magic:  13/13      EV: 22    Int: 10    God:    Trog [*****.]
Gold:   823        SH: 14    Dex: 16    Spells: 12/12 levels left

rFire    . . .     SeeInvis +   C - +6 short sword (freeze)
rCold    . . .     Faith    .   c - +3 buckler {AC+3}
rNeg     . . .     Spirit   .   v - +3 leather armour {rPois}
rPois    +         Reflect  +   O - +2 hat {SInv}
rElec    .         Harm     .   s - +1 cloak {rPois}
rCorr    +         Rampage  .   t - +1 pair of gloves
Will     .....                  L - +1 pair of boots
Stlth    +++++.....             I - amulet of reflection
HPRegen  0.24/turn              e - ring of flight
MPRegen  0.13/turn              i - ring of resist corrosion

@: on berserk cooldown, flying, very slightly contaminated, slowed, invisible
(expiring), very slow
A: small, no large weapons, nightstalker 3
a: Renounce Religion, Berserk, Trog's Hand, Brothers in Arms


You were on level 13 of the Dungeon.
You worshipped Trog.
Trog was extremely pleased with you.
You visited 1 branch of the dungeon, and saw 13 of its levels.

You collected 823 gold pieces.

Inventory:

Hand Weapons
 u - a +2 rapier of draining
 C - a +6 short sword of freezing (weapon)
 D - a +0 short sword of protection
Missiles
 x - 4 throwing nets (quivered)
Armour
 c - a +3 buckler of protection (worn)
 s - a +1 cloak of poison resistance (worn)
 t - a +1 pair of gloves (worn)
 v - a +3 leather armour of poison resistance (worn)
 L - a +1 pair of boots (worn)
 O - a +2 hat of see invisible (worn)
Jewellery
 e - a ring of flight (left hand)
 i - a ring of resist corrosion (right hand)
 I - an amulet of reflection (around neck)
Wands
 a - a wand of charming (16)
 h - a wand of iceblast (20)
 j - a wand of flame (35)
 n - a wand of acid (10)
 F - a wand of polymorph (17)
 K - a wand of paralysis (6)
Scrolls
 b - 8 scrolls of identify
 d - a scroll of acquirement {unknown}
 f - a scroll of fear {unknown}
 k - 5 scrolls of teleportation
 o - 3 scrolls of immolation
 p - a scroll of vulnerability {unknown}
 q - a scroll of summoning {unknown}
 y - a scroll of brand weapon {unknown}
 z - a scroll of silence {unknown}
 A - a scroll of enchant armour
 E - a scroll of torment {unknown}
 G - a scroll of amnesia {unknown}
 H - a scroll of fog
Potions
 g - a potion of brilliance
 l - a potion of attraction
 m - a potion of mutation {unknown}
 r - a potion of magic
 w - 2 potions of flight
 B - a potion of cancellation {unknown}
 N - a potion of ambrosia


   Skills:
 * Level 11.8 Fighting
 + Level 13.4 Short Blades
 - Level 0.1 Throwing
 * Level 7.0 Armour
 * Level 14.0 Dodging
 + Level 10.6 Stealth
 - Level 4.6 Shields
 + Level 0.7 Evocations


You had 12 spell levels left.
You didn't know any spells.
Your spell library was empty.

Dungeon Overview and Level Annotations

Branches:
Dungeon (13/15)            Temple (0/1) D:4            Lair (0/6) D:10
    Orc (0/2) D:11         Vaults (0/5) D:13

Altars:
Elyvilon
Gozag
Makhleb
Okawaru
Qazlal
Ru
Sif Muna
Vehumet
Wu Jian
Yredelemnul
Zin

Shops:
D:2 =*?(!   D:4 *   D:9 *

Annotations:
D:4 1 runed translucent door


Innate Abilities, Weirdness & Mutations

You are small and have problems with some larger weapons.
You are completely attuned to the shadows.


Message History

Your Armour skill increases to level 7!
Your Dodging skill increases to level 14!
The vault guard hits you from afar with a +0 bardiche!
The vault guard hits you with a +0 bardiche.
* * * LOW HITPOINT WARNING * * *
The vault guard completely misses you. You block the vault guard's attack.
Things that are here:
a +3 long sword; a +0 chain mail; a +0 kite shield You hit the vault guard but do no damage.
You puncture the vault guard! You freeze the vault guard.
The vault guard is moderately wounded.
You block the vault guard's attack.
The vault guard hits you with a +0 bardiche!!
* * * LOW HITPOINT WARNING * * *
The vault guard hits you with a +0 great sword!
* * * LOW HITPOINT WARNING * * *
The vault guard completely misses you.
Okay, then.
You are too berserk!
Things that are here:
a +0 great mace; a +0 chain mail You feel a strong urge to attack something.
You are no longer berserk.
You are exhausted.
You feel yourself slow down.
You see here a scroll labelled BOYTHR ALEZAUN.
You fade into invisibility!
You block the vault guard's attack.
You are very lightly contaminated with residual magic.
The vault guard completely misses you.
The vault guard hits you from afar with a +0 bardiche.
* * * LOW HITPOINT WARNING * * *
As you read the scroll of teleportation, it crumbles to dust.
You feel strangely unstable. You block the vault guard's attack.
Found 16 stones.
The vault guard misses you.
Your surroundings suddenly seem different.
You flicker for a moment.
The vault guard shouts!
The vault guard hits you from afar with a +0 bardiche.
You die...

###...### .... ...pp.. ....
#pp.# ... #)# .. #)# .. #..
#####p##### . ##..
#..#..?...# .. .
...##..#p...p## ..(....
#..#.@.###.p.##.......
#......#...p..........
#####..#....p.............
##...#..#..................
#.......#..................
#...#......................
#...##.)...................
#.......... ............
####.......................


You could see 2 vault guards.

Vanquished Creatures
  Gastronok (D:11)
  Snorg (D:11)
  2 vault guards (D:13)
  Harold (D:11)
  A hydra (D:11)
  A boulder beetle (D:13)
  2 centaur warriors (D:13)
  4 two-headed ogres
  A wizard (D:13)
  Pikel (D:4)
  2 deep elf pyromancers
  5 manticores
  An orc knight (D:12)
  3 cyclopes
  6 slime creatures
  An elephant (D:10)
  10 trolls
  A hornet (D:9)
  A shadow (D:12)
  Sigmund (D:3)
  2 wraiths
  Eustachio (D:5)
  18 yaks
  Grum (D:11)
  A basilisk (D:10)
  A steam dragon (D:9)
  12 vampire mosquitoes
  3 water moccasins
  An acid dragon (D:11)
  3 black bears
  3 orc warriors (D:9)
  An ice beast (D:5)
  2 necrophages
  2 ogres
  2 wolves (D:11)
  13 centaurs
  A kobold brigand (D:10)
  2 bullfrogs
  A wyvern zombie (D:6)
  2 gnoll sergeants
  2 scorpions
  5 killer bees (D:10)
  6 wights
  3 howler monkeys
  An electric eel (D:11)
  5 centaur zombies
  3 hounds (D:5)
  A centaur skeleton (D:7)
  A jelly (D:5)
  A gnoll shaman (D:9)
  3 orc priests
  Crazy Yiuf (D:4)
  A bullfrog skeleton (D:4)
  4 iguanas
  Natasha (thrice) (D:3)
  5 orc wizards
  A killer bee zombie (D:7)
  2 hound skeletons (D:4)
  A howler monkey zombie (D:9)
  15 gnolls
  6 adders
  A shadow imp (D:6)
  An ufetubus (D:4)
  An adder skeleton (D:4)
  2 dart slugs
  25 orcs
  6 endoplasms
  3 giant cockroaches
  11 goblins
  2 hobgoblins
  A jackal (D:2)
  4 quokkas
  8 ball pythons
  6 bats
  2 frilled lizards
  A jackal skeleton (D:4)
  7 kobolds
  A quokka skeleton (D:4)
  4 rats
274 creatures vanquished.

Vanquished Creatures (others)
  A goblin (D:4)
  2 hobgoblins (D:4)
  A fungus (D:10)
4 creatures vanquished.

Grand Total: 278 creatures vanquished

Notes
Turn   | Place    | Note
-------+----------+-------------------------------------------
     0 | D:1      | rel the Kobold Berserker began the quest for the Orb.
     0 | D:1      | Reached XP level 1. HP: 14/14 MP: 1/1
    84 | D:1      | Found a faded altar of an unknown god.
   181 | D:1      | Reached XP level 2. HP: 16/19 MP: 2/2
   755 | D:2      | Found Raakugudis's General Store.
   771 | D:2      | Reached ** piety under Trog
   772 | D:2      | Reached XP level 3. HP: 24/24 MP: 3/3
   847 | D:2      | Reached skill level 1 in Stealth
   849 | D:2      | Found Imapt's Distillery.
   970 | D:2      | Found Nitate Tuafa's Magic Scroll Boutique.
  1402 | D:2      | Found Ywaguuz's Jewellery Shop.
  1523 | D:2      | Reached XP level 4. HP: 29/29 MP: 4/4
  1562 | D:2      | Found Jabliojo's Antique Weapon Shop.
  1915 | D:3      | Reached skill level 5 in Short Blades
  2069 | D:3      | Noticed Natasha
  2074 | D:3      | Killed Natasha
  2075 | D:3      | Reached skill level 3 in Dodging
  2075 | D:3      | Reached XP level 5. HP: 33/33 MP: 5/5
  2192 | D:3      | Noticed Natasha
  2208 | D:3      | Killed Natasha
  2522 | D:3      | Noticed Natasha
  2534 | D:3      | Killed Natasha
  2742 | D:3      | Noticed Sigmund
  2753 | D:3      | Killed Sigmund
  2754 | D:3      | Reached skill level 1 in Shields
  2754 | D:3      | Reached XP level 6. HP: 39/39 MP: 6/6
  3078 | D:4      | Reached XP level 7. HP: 17/44 MP: 7/7
  3423 | D:4      | Noticed Pikel
  3437 | D:4      | Killed Pikel
  3438 | D:4      | Reached skill level 5 in Fighting
  3438 | D:4      | Reached skill level 4 in Dodging
  3438 | D:4      | Reached XP level 8. HP: 30/49 MP: 8/8
  3833 | D:4      | Reached *** piety under Trog
  3872 | D:4      | Noticed a human
  3876 | D:4      | Found a runed translucent door.
  3936 | D:4      | Found a runed translucent door.
  3939 | D:4      | Noticed Crazy Yiuf
  3945 | D:4      | Killed Crazy Yiuf
  4125 | D:4      | Found a basalt altar of Yredelemnul.
  4178 | D:4      | Found Ytorghy's Overcharged Wands.
  4391 | D:4      | Found an iron altar of Okawaru.
  4391 | D:4      | Found a burning altar of Makhleb.
  4585 | D:4      | Found a glowing silver altar of Zin.
  4590 | D:4      | Found an opulent altar of Gozag.
  4592 | D:4      | Found a sacrificial altar of Ru.
  4593 | D:4      | Found a faded altar of an unknown god.
  4598 | D:4      | Found a shimmering blue altar of Sif Muna.
  4695 | D:4      | Found a staircase to the Ecumenical Temple.
  4808 | D:5      | Entered Level 5 of the Dungeon
  4821 | D:5      | Reached skill level 5 in Dodging
  4850 | D:5      | Noticed Eustachio
  4866 | D:5      | Killed Eustachio
  4911 | D:5      | Reached XP level 9. HP: 54/54 MP: 9/9
  5038 | D:5      | Found a stormy altar of Qazlal.
  5175 | D:5      | Reached skill level 5 in Stealth
  5843 | D:6      | Reached skill level 10 in Short Blades
  6087 | D:6      | Reached skill level 6 in Dodging
  6331 | D:6      | Reached **** piety under Trog
  6713 | D:6      | Found an ornate altar of the Wu Jian Council.
  6717 | D:6      | Noticed a spectral centipede
  6770 | D:6      | Found a white marble altar of Elyvilon.
  7353 | D:7      | Found a radiant altar of Vehumet.
  7947 | D:7      | You are sucked into a shaft and drop 1 floor!
  7951 | D:8      | Reached XP level 10. HP: 60/60 MP: 10/10
  9637 | D:8      | Noticed a deep elf pyromancer
  9644 | D:8      | Killed a deep elf pyromancer
  9645 | D:8      | Reached skill level 7 in Dodging
 10175 | D:9      | Found Golaets's Assorted Antiques.
 12112 | D:9      | Noticed a two-headed ogre
 12124 | D:9      | Reached skill level 8 in Dodging
 12135 | D:9      | Reached XP level 11. HP: 67/67 MP: 11/11
 12146 | D:9      | Killed a two-headed ogre
 12146 | D:9      | Reached ***** piety under Trog
 12670 | D:10     | Entered Level 10 of the Dungeon
 12892 | D:10     | Found a staircase to the Lair.
 12892 | D:10     | Noticed an elephant
 12905 | D:10     | Killed an elephant
 12906 | D:10     | Reached skill level 9 in Dodging
 12913 | D:10     | Reached skill level 5 in Armour
 13401 | D:10     | Identified the +6 scale mail of Xom's Esteem {Harm rPois
                  | rF++ rC-}
 13794 | D:11     | Noticed a two-headed ogre
 13795 | D:11     | Noticed Harold
 13805 | D:11     | Killed a two-headed ogre
 13816 | D:11     | Killed Harold
 14105 | D:11     | Noticed Gastronok
 14174 | D:11     | Noticed Snorg
 14201 | D:11     | Killed Snorg
 14202 | D:11     | Reached skill level 10 in Dodging
 14202 | D:11     | Reached XP level 12. HP: 66/75 MP: 12/12
 14753 | D:11     | Killed Gastronok
 14754 | D:11     | Reached skill level 11 in Dodging
 14844 | D:11     | Noticed a six-headed hydra
 14876 | D:11     | Killed a six-headed hydra
 14877 | D:11     | Reached skill level 10 in Stealth
 14976 | D:11     | Noticed Grum
 14999 | D:11     | Killed Grum
 15096 | D:11     | Reached skill level 10 in Fighting
 15191 | D:11     | Found a staircase to the Orcish Mines.
 15409 | D:12     | Reached skill level 12 in Dodging
 15774 | D:12     | Reached XP level 13. HP: 59/83 MP: 13/13
 16057 | D:12     | Found a basalt altar of Yredelemnul.
 16633 | D:12     | Identified the +2 buckler of Ytexzos {MP+9 Int+6 Stlth-}
 16739 | D:12     | Reached skill level 13 in Dodging
 17250 | D:13     | Noticed a centaur warrior
 17263 | D:13     | Killed a centaur warrior
 17572 | D:13     | HP: 6/126 [manticore (2)]
 17790 | D:13     | Noticed a centaur warrior
 17807 | D:13     | Killed a centaur warrior
 18221 | D:13     | Noticed a boulder beetle
 18274 | D:13     | Killed a boulder beetle
 18636 | D:13     | Noticed a vault guard
 18636 | D:13     | Noticed a vault guard
 18637 | D:13     | Noticed a vault guard
 18637 | D:13     | Noticed a vault guard
 18638 | D:13     | Found a gate to the Vaults.
 18638 | D:13     | Noticed a vault guard
 18638 | D:13     | Noticed a vault guard
 18638 | D:13     | Noticed a vault guard
 18640 | D:13     | Noticed a vault guard
 18654 | D:13     | Killed a vault guard
 18667 | D:13     | Killed a vault guard
 18668 | D:13     | Reached skill level 14 in Dodging
 18670 | D:13     | HP: 2/127 [vault guard (12)]
 18677 | D:13     | HP: 1/85 [vault guard (2)]
 18683 | D:13     | Slain by a vault guard

Illustrated notes

Levels and vault maps discovered:
D:1:      lemuel_arrival_behind_the_door_large, layout_basic,
          ebering_ecumenical_altar_sacrificial, chequers_serial_rivers_room_a
D:2:      layout_loops_ring, serial_shops, nicolae_shop_trees,
          nicolae_shop_crystal, nicolae_shop_behind_doors, shop, shop_statue,
          minmay_pentomino_z4
D:3:      layout_basic, serial_bayou_lagoon_a, uniq_natasha, uniq_sigmund
D:4:      layout_rooms, chequers_temple_overflow_minitemple,
          dk_yredelemnul_ordeal, gammafunk_temple_overflow_elements,
          lemuel_temple_firewalk_a, nicolae_shop_overcharged_wands,
          uniq_crazy_yiuf_cottage, uniq_pikel
D:5:      layout_basic, nicolae_qazlal_general_emergency, uniq_eustachio
D:6:      layout_layer_cave, pdpol_wu_jian_five_deadly_venoms,
          mainiacjoe_overflow_alcove_1
D:7:      layout_basic, mainiacjoe_overflow_24_doors
D:8:      layout_layer_cave, guppyfry_early_elven_hall
D:9:      layout_roguey, serial_shops, nicolae_shop_crystal,
          kennysheep_kite_vault
D:10:     layout_roguey, david_lair_generic
D:11:     layout_long_grid, orc_0_dummy, nicolae_lava_and_water, uniq_snorg,
          uniq_harold, uniq_grum, uniq_gastronok
D:12:     layout_small_grid, yredelemnul_altar_generic
D:13:     layout_cave_pools, erik_vaults_2

Skill      XL: |  1  2  3  4  5  6  7  8  9 10 11 12 13 |
---------------+----------------------------------------+-----
Fighting       | 4 5 6 7 8 10 11 | 11.8
Stealth        | 1 2 3 4 6 8 9 10 | 10.6
Short Blades   | 5 6 8 9 10 11 12 13 | 13.4
Armour         | 2 3 4 5 6 7 |  7.0
Dodging        | 3 4 5 6 8 10 12 14 | 14.0
Shields        | 1 2 3 4 |  4.6
Throwing       | |  0.1
Evocations     | |  0.7

Action                   |  1- 3 |  4- 6 |  7- 9 | 10-12 | 13-15 || total
-------------------------+-------+-------+-------+-------+-------++-------
Melee: Short sword       |   129 |   104 |   204 |   616 |   292 ||  1345
       Rapier            |       |       |    82 |       |       ||    82
Throw: Throwing net      |       |       |       |     3 |     2 ||     5
Invok: Berserk           |       |     2 |     3 |     8 |     3 ||    16
Evoke: Wand              |       |       |       |       |     5 ||     5
  Use: Potion            |     1 |       |       |    13 |     4 ||    18
       Scroll            |       |     1 |       |     8 |     2 ||    11
 Stab: Sleeping          |     6 |     2 |    16 |    13 |     1 ||    38
       Distracted        |       |       |     1 |       |       ||     1
       Held in net/web   |       |       |       |     6 |     1 ||     7
Armor: Animal skin       |     4 |       |       |       |       ||     4
       Leather armour    |    24 |    19 |    25 |   110 |    35 ||   213
       Robe              |       |       |    11 |       |       ||    11
Dodge: Dodged            |    75 |    36 |   121 |   365 |   156 ||   753
Block: Buckler           |    35 |    18 |    88 |   395 |   160 ||   696
       Reflection        |       |       |       |     6 |     3 ||     9
